 Dungeon Crawl Stone Soup version 0.31-a0-152-g6aa68a64a1 (webtiles) character file.

Game seed: 8798855917867465096

79154 Angani the Spear-Bearer (level 15, -11/134 HPs)
             Began as an Armataur Wanderer on June 10, 2023.
             Was an Initiate of Gozag.
             Mangled by an ogre
             ... wielding a +0 giant spiked club
             ... led by Lodul
              (32 damage)
             ... on level 13 of the Dungeon.
             The game lasted 01:02:25 (35333 turns).

Angani the Spear-Bearer (Armataur Wanderer)        Turns: 35333, Time: 01:02:26

Health: -11/134    AC: 10    Str: 19    XL:     15   Next: 20%
Magic:  25/25      EV: 11    Int: 29    God:    Gozag
Gold:   1749       SH:  0    Dex:  9    Spells: 17/27 levels left

rFire   + . .        b - +5 scythe "Finisher" {speed, execute}
rCold   + . .        (shield currently unavailable)
rNeg    . . .        B - +0 steam dragon scales
rPois   +            a - +1 hat {SInv}
rElec   .            k - scarf {rC+ rF+}
rCorr   +            t - +0 pair of gloves
SInv    +            (no barding)
Will    ++...        F - amulet of the acrobat
Stlth   +            s - ring "Atruris" {rPois Will+ rCorr Int+8 Dex-4}
HPRegen 0.42/turn    x - +6 ring of dexterity
MPRegen 0.19/turn

%: acrobat, roll
@: mighty, brilliant, wereblooded, gold aura, hasted, very quick
A: large, rugged brown scales 3, deformed body, armoured tail, roll, long
tongue, awkward tongue
a: Renounce Religion, Potion Petition, Call Merchant, Bribe Branch


You were on level 13 of the Dungeon.
You worshipped Gozag.
Gozag was most pleased with you.
You visited 4 branches of the dungeon, and saw 21 of its levels.
You also visited: Bailey and Ice Cave.

You collected 7360 gold pieces.
You spent 1496 gold pieces at shops.
You paid 4115 gold pieces to Gozag.

Inventory:

Hand Weapons
 b - the +5 scythe "Finisher" (weapon) {speed, execute}
   (You bought it in a shop on level 5 of the Dungeon)
Missiles
 A - a throwing net
Armour
 a - a +1 hat of see invisible (worn)
 k - a scarf of resistance (worn)
 p - a +0 plate armour
 t - a +0 pair of gloves (worn)
 y - +2 fire dragon scales
 B - +0 steam dragon scales (worn)
Jewellery
 f - a ring of protection from cold
 i - a +5 ring of evasion
 s - the ring "Atruris" (left hand) {rPois Will+ rCorr Int+8 Dex-4}
   (You bought it in a shop on level 2 of the Orcish Mines)

   [ring of poison resistance]

   Int:       It affects your intelligence (+8).
   Dex:       It affects your dexterity (-4).
   rPois:     It protects you from poison.
   rCorr:     It protects you from acid and corrosion.
   Will:      It increases your willpower.
 x - a +6 ring of dexterity (right hand)
 F - an amulet of the acrobat (around neck)
Wands
 o - a wand of flame (9)
 w - a wand of paralysis (15)
 C - a wand of iceblast (11)
 L - a wand of mindburst (7)
 N - a wand of digging (5)
Scrolls
 c - 5 scrolls of teleportation
 d - 7 scrolls of fear
 l - 3 scrolls of brand weapon
 m - a scroll of silence
 q - 7 scrolls of enchant weapon
 u - a scroll of poison
 D - 3 scrolls of amnesia
 E - 4 scrolls of magic mapping
 G - 5 scrolls of identify
 M - a scroll of torment
Potions
 e - 5 potions of brilliance
 g - 3 potions of enlightenment
 h - 9 potions of curing
 j - a potion of invisibility {unknown}
 n - 2 potions of cancellation
 r - 5 potions of resistance
 v - a potion of haste
 z - 4 potions of attraction
 K - 3 potions of mutation
Miscellaneous
 H - a lightning rod (4/4)
 J - a phial of floods


   Skills:
 - Level 10.0 Fighting
 + Level 14.3 Polearms
 - Level 10.9 Armour
 - Level 6.4 Dodging
 - Level 3.6 Unarmed Combat
 + Level 6.9 Spellcasting
 + Level 0.6 Conjurations
 + Level 2.9 Transmutations
 - Level 1.0 Fire Magic
 + Level 0.7 Ice Magic
 + Level 3.8 Air Magic
 - Level 3.6 Poison Magic
 - Level 10.0 Evocations


You had 17 spell levels left.
You knew the following spells:

 Your Spells              Type           Power      Damage    Failure   Level
a - Foxfire               Conj/Fire      88%        2x1d8     3%          1
b - Poisonous Vapours     Pois/Air       96%        N/A       1%          2
c - Wereblood             Tmut           41%        N/A       2%          2
d - Freezing Cloud        Conj/Ice/Air   15%        6-21      56%         5

Your spell library contained the following spells:

 Spells                   Type           Power      Damage    Failure   Level
 Cigotuvi's Dreadful Rot  Necr/Pois/Air  74%        N/A       2%          2
 Mephitic Cloud           Conj/Pois/Air  39%        N/A       4%          3
 Summon Small Mammal      Summ           60%        N/A       5%          1
 Ignite Poison            Fire/Tmut/Pois 37%        N/A       5%          3
 Momentum Strike          Conj/Tloc      36%        3d9       7%          2
 Blink                    Tloc           30%        N/A       8%          2
 Lesser Beckoning         Tloc           30%        N/A       8%          2
 Sublimation of Blood     Necr           15%        N/A       8%          2
 Frozen Ramparts          Ice            42%        1d7       12%         3
 Call Canine Familiar     Summ           15%        N/A       16%         3
 Summon Guardian Golem    Hex/Summ       15%        N/A       16%         3
 Tukima's Dance           Hex            15%        N/A       16%         3
 Ice Form                 Ice/Tmut       31%        N/A       24%         4
 Blade Hands              Tmut           20%        N/A       38%         5
 Summon Ice Beast         Ice/Summ       18%        N/A       41%         4
 Passage of Golubria      Tloc           15%        N/A       45%         4
 Yara's Violent Unravell  Hex/Tmut       14%        3d7       61%         5
 Summon Hydra             Summ           7%         N/A       100%        7


Dungeon Overview and Level Annotations

Branches:
Dungeon (13/15)            Temple (1/1) D:4            Lair (5/5) D:10
 Shoals (0/4) Lair:3       Spider (0/4) Lair:3        Slime (0/5) Lair:5
    Orc (2/2) D:9             Elf (0/3) Orc:2        Bailey (visited)
  IceCv (visited)
 Vaults: D:13-14

Altars:
Ashenzari
Cheibriados
Dithmenos
Elyvilon
Fedhas
Gozag
Hepliaklqana
Kikubaaqudgha
Makhleb
Nemelex Xobeh
Okawaru
Qazlal
Ru
Sif Muna
Trog
Uskayaw
Vehumet
Wu Jian
Xom
Yredelemnul
Zin
The Shining One

Shops:
D:1 !(*!*   D:2 (   D:3 !   D:4 *   D:5 (   D:10 ?   D:11 *   Orc:2 ([=?

Portals:
Hell: Lair:5

Annotations:
D:9 1 runed translucent door, givingup's ghost, novice OpSu


Innate Abilities, Weirdness & Mutations

You are completely covered in rugged brown scales. (AC +3, +7% HP)
Armour fits poorly on your strangely shaped body.
You have a long armoured tail.
You roll when moving toward enemies. (Rampage)
Your long tongue fully drains potion bottles. (2x potion effects)
Your tongue gives you trouble enunciating. (1.5x scroll delay)


Message History

The ogre shouts! x2
You impale the cyclops!!
You tail-slap the cyclops, but do no damage.
The cyclops is heavily wounded.
The cyclops hits you but does no damage.
You slice the cyclops!!
The cyclops is almost dead.
The boulder beetle leaps!
Unknown command.
You puncture the cyclops!
You feel a bit better.
You kill the cyclops!
Unknown command.
You impale the ogre!!
The ogre is almost dead.
You howl as the wereblood boils in your veins!
You hear a shout!
Unknown command.
You puncture the ogre!
You feel a bit better.
You kill the ogre!
The tengu conjurer is distracted by your dazzling golden aura.
You barely miss Lodul.
The tengu conjurer is no longer distracted by gold.
The ogre is distracted by your dazzling golden aura. x2
Lodul hits you with a +0 dire flail!!
* * * LOW HITPOINT WARNING * * *
The ogre shouts! x2; The tengu conjurer shouts!
Unknown command.
You perforate Lodul like a sieve!!!
You feel a bit better.
You blow up Lodul!
The boulder beetle curls into a ball and begins rolling!
Unknown command.
You roll towards the boulder beetle!
An ogre comes into view. It is wielding a +0 giant spiked club.
You impale the boulder beetle!!
The boulder beetle is moderately wounded.
The ogre is no longer distracted by gold.
The ogre is distracted by your dazzling golden aura.
The ogre hits you with a +0 giant spiked club!!
You die...
Your body crumbles into a pile of gold.

##..##
#..°.....#
#..##
##O.####.B.#
##..# ##*B##
#... #><##
##QO## ...
#..## ##OO##
#. #.##
##..## #.#
##O.## ##
#BO## #@##
#$# #.##
##.# ###


You could see 2 boulder beetles, a tengu conjurer, 6 ogres and a battlesphere
(distracted).

Vanquished Creatures
  Gastronok (Lair:1)
  A reaper (IceCv)
  Snorg (D:10)
  A hell beast (Lair:5)
  4 hydras
  An ogre mage (Orc:1)
  A centaur warrior (D:11)
  2 boulder beetles
  7 two-headed ogres
  7 death yaks
  2 orc high priests (Orc:2)
  A tengu warrior (D:13)
  Amaemon (Lair:2)
  3 skysharks
  Lodul (D:13)
  An orange crystal statue (D:10)
  Pikel (D:9)
  3 orc knights
  A wizard (Lair:5)
  7 orc sorcerers
  A manticore (D:8)
  5 ugly things
  2 cyclopes
  6 black mambas
  The ghost of mopl the Slasher, a novice TeWr of Cheibriados (D:5)
  2 ice statues (IceCv)
  A smoke demon (Lair:5)
  4 orange demons
  8 elephants
  Maggie (D:7)
  7 cane toads
  6 rime drakes
  A kobold demonologist (D:8)
  3 unseen horrors
  14 komodo dragons
  6 ice devils
  A freezing wraith (IceCv)
  6 trolls
  A polar bear (Lair:5)
  2 hornets (D:9)
  3 blink frogs (Lair:4)
  A snapping turtle (Lair:3)
  A vampire (D:11)
  8 slime creatures (D:12)
  A shadow (D:10)
  4 wyverns
  3 wraiths
  98 yaks
  3 basilisks
  2 death yak simulacra (IceCv)
  15 vampire mosquitoes (D:12)
  A warg (D:9)
  An acid dragon (D:8)
  A hydra simulacrum (IceCv)
  16 water moccasins
  3 hell hounds (Lair:5)
  25 orc warriors
  2 black bears
  5 ice beasts
  A sky beast (D:7)
  4 wolves
  6 ogres
  8 centaurs
  2 lemures (D:9)
  A phantom (D:7)
  9 kobold brigands (D:8)
  8 bullfrogs
  5 scorpions
  A cane toad simulacrum (IceCv)
  10 killer bees (D:9)
  3 hounds
  21 orc priests
  A jelly (D:6)
  A centaur skeleton (D:5)
  Crazy Yiuf (D:7)
  A bullfrog skeleton (D:5)
  A gnoll bouda (Orc:2)
  3 iguanas
  A sleepcap (D:7)
  36 orc wizards
  A troll simulacrum (IceCv)
  2 polar bear simulacra (IceCv)
  A spriggan simulacrum (IceCv)
  2 wolf simulacra (IceCv)
  8 gnolls
  4 adders
  6 naga simulacra (IceCv)
  15 white imps
  2 ufetubi (IceCv)
  2 worms
  3 dart slugs
  66 orcs
  2 ball pythons (D:2)
  5 bats
  10 endoplasms
  2 giant cockroaches
  2 hobgoblins
  6 jackals
  17 kobolds
  4 quokkas
  A frilled lizard (D:2)
  5 goblins
  4 rats
612 creatures vanquished.

Vanquished Creatures (others)
  An ogre (Orc:1)
  3 orc wizards
  2 orcs (Orc:1)
  6 foxfires (D:3)
12 creatures vanquished.

Grand Total: 624 creatures vanquished

Notes
Turn   | Place    | Note
-------+----------+-------------------------------------------
     0 | D:1      | Angani the Armataur Wanderer began the quest for the Orb.
     0 | D:1      | Angani set off with the following items: a +0 club, a
                  | potion of berserk rage, a scroll of teleportation, a scroll
                  | of fear, a +0 leather armour, a scroll of blinking; and the
                  | following spell memorised: Foxfire; and the following
                  | spells available to memorise: Ignite Poison.
     0 | D:1      | Reached XP level 1. HP: 19/19 MP: 2/2
    77 | D:1      | Reached XP level 2. HP: 27/27 MP: 3/3
   182 | D:1      | You fall into a shaft and drop 1 floor!
   252 | D:1      | Found Boaluoh's Weapon Shoppe.
   295 | D:1      | Found Ijipar's Assorted Antiques.
   311 | D:1      | Found Aseacvag's Distillery.
   329 | D:1      | Found Xaxoe's General Store.
   453 | D:1      | Found Bidio's Distillery.
   702 | D:2      | Found a faded altar of an unknown god.
   763 | D:2      | Reached XP level 3. HP: 33/33 MP: 4/4
   936 | D:2      | Found Quontif's Antique Weapon Shoppe.
  1339 | D:2      | Learned a level 2 spell: Poisonous Vapours
  1489 | D:3      | Identified the +6 dagger "Lorem Ipsum" {drain, *Slow rF+
                  | Dex+2}
  1571 | D:3      | Reached XP level 4. HP: 28/40 MP: 2/6
  1734 | D:3      | Found Cosit's Distillery.
  1827 | D:3      | Reached skill level 1 in Air Magic
  1827 | D:3      | Reached skill level 1 in Poison Magic
  2088 | D:4      | Noticed a black bear
  2531 | D:4      | Found a staircase to the Ecumenical Temple.
  2538 | Temple   | Entered the Ecumenical Temple
  2660 | Temple   | Became a worshipper of Gozag Ym Sagoz the Greedy
  2792 | D:4      | Noticed a scorpion
  2804 | D:4      | Killed a scorpion
  2805 | D:4      | Reached XP level 5. HP: 48/48 MP: 1/8
  3014 | D:4      | Found Kiapigua's General Store.
  3416 | D:5      | Entered Level 5 of the Dungeon
  3508 | D:5      | Found a transporter.
  3510 | D:5      | Noticed mopl's ghost (novice TeWr)
  3520 | D:5      | Found a shadowy altar of Dithmenos.
  3528 | D:5      | Noticed a water moccasin
  3542 | D:5      | Killed a water moccasin
  3543 | D:5      | Reached XP level 6. HP: 29/54 MP: 9/9
  3651 | D:5      | Found a white marble altar of Elyvilon.
  3654 | D:5      | Found a broken altar of Ashenzari.
  3792 | D:5      | Found a transporter.
  3922 | D:5      | Noticed an ice beast
  3936 | D:5      | Killed an ice beast
  3937 | D:5      | Reached XP level 7. HP: 60/60 MP: 11/11
  3948 | D:5      | Found Betuggir's Antique Weapon Emporium.
  4482 | D:5      | Found a sacrificial altar of Ru.
  4898 | D:6      | Reached skill level 1 in Polearms
  5054 | D:5      | Found a radiant altar of Vehumet.
  5107 | D:6      | Reached XP level 8. HP: 70/70 MP: 4/13
  5200 | D:6      | Reached skill level 2 in Polearms
  5774 | D:6      | Reached skill level 5 in Armour
  5989 | D:6      | Found a stormy altar of Qazlal.
  6110 | D:6      | Found a glowing golden altar of the Shining One.
  6382 | D:6      | Reached skill level 5 in Fighting
  6382 | D:6      | Reached skill level 3 in Polearms
  6951 | D:7      | Noticed a purple ugly thing
  6966 | D:7      | Killed a purple ugly thing
  6967 | D:7      | Reached XP level 9. HP: 65/80 MP: 6/14
  7095 | D:7      | Reached skill level 4 in Polearms
  7279 | D:7      | Found a shimmering blue altar of Sif Muna.
  7602 | D:7      | Found a bloodstained altar of Trog.
  8031 | D:5      | Bought the +5 scythe "Finisher" {speed, execute} for 792
                  | gold pieces
  8031 | D:5      | Found the +5 scythe "Finisher" {speed, execute}
  8423 | D:7      | Found a runed translucent door.
  8424 | D:7      | Noticed Crazy Yiuf
  8482 | D:7      | Killed Crazy Yiuf
  8483 | D:7      | Reached skill level 5 in Polearms
  8525 | D:8      | Noticed Maggie
  8725 | D:7      | Killed Maggie
  9180 | D:8      | Reached XP level 10. HP: 83/92 MP: 15/15
  9737 | D:8      | Noticed a manticore
  9749 | D:8      | Killed a manticore
  9750 | D:8      | Reached skill level 6 in Polearms
 10505 | D:5      | Killed mopl's ghost
 10506 | D:5      | Reached skill level 10 in Armour
 10751 | D:9      | Found a shimmering altar of Xom.
 10754 | D:9      | Found an iron altar of Okawaru.
 10788 | D:9      | Reached skill level 7 in Polearms
 10975 | D:9      | Found a staircase to the Orcish Mines.
 10998 | D:9      | Reached XP level 11. HP: 87/101 MP: 16/16
 11217 | D:9      | Noticed Pikel
 11277 | D:9      | Killed Pikel
 11543 | D:9      | Found a runed translucent door.
 11545 | D:9      | Noticed givingup's ghost (novice OpSu)
 11554 | D:9      | Noticed a two-headed ogre
 11563 | D:9      | Killed a two-headed ogre
 11564 | D:9      | Reached skill level 1 in Dodging
 12642 | D:10     | Entered Level 10 of the Dungeon
 12642 | D:10     | Noticed Snorg
 12643 | D:10     | Killed Snorg
 12644 | D:10     | Reached skill level 8 in Polearms
 12669 | D:10     | Found a flagged portal.
 12741 | Bailey   | Entered a bailey
 13000 | Bailey   | Noticed an orc knight
 13000 | Bailey   | Noticed an orc knight
 13145 | Bailey   | Killed an orc knight
 13153 | Bailey   | Killed an orc knight
 13154 | Bailey   | Reached skill level 10 in Fighting
 13310 | Bailey   | Identified the +0 plate armour of Red Beauty {rPois}
 13852 | D:10     | Noticed an orange crystal statue
 13860 | D:10     | Killed an orange crystal statue
 13874 | D:10     | Got the Enchiridion on Evolution
 13988 | D:10     | Found a burning altar of Makhleb.
 13991 | D:10     | Found an ancient bone altar of Kikubaaqudgha.
 14000 | D:10     | Reached XP level 12. HP: 113/113 MP: 17/17
 14229 | D:10     | Found Apeibul's Magic Scroll Emporium.
 14281 | D:10     | Found a staircase to the Lair.
 14338 | D:10     | Reached skill level 9 in Polearms
 14690 | D:10     | Bought a scroll of identify for 26 gold pieces
 14690 | D:10     | Bought a scroll of identify for 26 gold pieces
 14852 | D:10     | Identified the +5 hand axe "Rotiv" {spect, Drain Int+2
                  | Dex+3}
 14991 | Orc:1    | Entered Level 1 of the Orcish Mines
 15376 | Orc:1    | Noticed a two-headed ogre
 15440 | D:9      | Killed a two-headed ogre
 15441 | D:9      | Reached skill level 5 in Dodging
 15673 | Orc:1    | Noticed an ogre mage
 15673 | Orc:1    | Noticed a two-headed ogre
 15781 | Orc:1    | Noticed a two-headed ogre
 15781 | Orc:1    | Noticed a two-headed ogre
 15781 | Orc:1    | Noticed a two-headed ogre
 15781 | Orc:1    | Noticed a two-headed ogre
 15784 | D:9      | Killed a two-headed ogre
 15816 | Orc:1    | Killed a two-headed ogre
 15825 | Orc:1    | Killed a two-headed ogre
 16031 | D:9      | Killed a two-headed ogre
 16034 | D:9      | Killed a two-headed ogre
 16050 | D:9      | Reached skill level 10 in Polearms
 16420 | Orc:1    | Paralysed by an ogre mage for 5 turns
 16499 | Orc:1    | Killed an ogre mage
 17099 | Orc:2    | Entered Level 2 of the Orcish Mines
 17173 | Orc:2    | Found a staircase to the Elven Halls.
 17175 | Orc:2    | Found a frozen archway.
 17178 | IceCv    | Entered an ice cave
 17481 | IceCv    | Reached skill level 1 in Evocations
 18419 | IceCv    | Noticed a reaper
 18428 | IceCv    | Killed a reaper
 19031 | Orc:2    | Paralysed by an orc sorcerer for 2 turns
 19039 | Orc:2    | Reached XP level 13. HP: 94/120 MP: 18/18
 19419 | Orc:2    | Reached skill level 11 in Polearms
 19563 | Orc:2    | Found Qoqius's Magic Scroll Emporium.
 19563 | Orc:2    | Found Nuiwn's Antique Weapon Shoppe.
 19563 | Orc:2    | Found Digruas's Antique Armour Shoppe.
 19572 | Orc:2    | Found Igraty's Jewellery Emporium.
 19580 | Orc:2    | Bought the ring "Atruris" {rPois Will+ rCorr Int+8 Dex-4}
                  | for 652 gold pieces
 20285 | Orc:2    | Reached skill level 5 in Evocations
 21646 | Lair:1   | Entered Level 1 of the Lair of Beasts
 21716 | Lair:1   | Identified the +0 robe of Gluttony {rN+}
 21797 | Lair:1   | Noticed Gastronok
 21812 | Lair:1   | Killed Gastronok
 22221 | Lair:1   | Identified the +3 long sword "Sehecvoc" {drain, Str+5
                  | Dex-3}
 22872 | Lair:2   | Identified the +11 quarterstaff of Bodily Humours {pain,
                  | Str+3}
 23072 | Lair:1   | Reached skill level 12 in Polearms
 23656 | Lair:2   | Noticed Amaemon
 23679 | Lair:2   | Killed Amaemon
 25122 | Lair:3   | Reached XP level 14. HP: 93/129 MP: 19/19
 25672 | Lair:3   | Found a hole to the Spider Nest.
 25780 | Lair:3   | Found a staircase to the Shoals.
 26759 | Lair:4   | Reached skill level 13 in Polearms
 27941 | Lair:5   | Entered Level 5 of the Lair of Beasts
 28187 | Lair:4   | Reached skill level 10 in Evocations
 28624 | Lair:5   | Found a staircase to the Slime Pits.
 30078 | Lair:5   | Found a burning altar of Makhleb.
 30133 | Lair:5   | Reached skill level 5 in Spellcasting
 30162 | Lair:5   | Found a gateway to Hell.
 30169 | Lair:5   | Identified the +1 falchion "Qabex" {freeze, rN+ rCorr
                  | Int+4}
 31039 | Lair:5   | Reached skill level 14 in Polearms
 31564 | D:10     | Learned a level 2 spell: Wereblood
 31974 | D:11     | Found Lowk's Assorted Antiques.
 32091 | D:11     | Reached skill level 1 in Transmutations
 33354 | D:12     | Reached XP level 15. HP: 134/134 MP: 24/24
 33429 | D:12     | HP: 4/134 [white ugly thing (10)]
 34928 | D:12     | Learned a level 5 spell: Freezing Cloud
 35276 | D:13     | Noticed Lodul
 35332 | D:13     | Killed Lodul
 35333 | D:13     | Mangled by an ogre

Illustrated notes

Levels and vault maps discovered:
D:1:      dpeg_arrival_erosion, layout_rooms, serial_shops,
          nicolae_shop_rolling_square, nicolae_shop_stone,
          nicolae_shop_real_fake_doors, nicolae_shop_behind_doors, shop
D:2:      layout_basic, serial_shops, nicolae_square_shop, serial_curves,
          eino_curves_03, eino_curves_01, eino_curves_01, eino_curves_01,
          chequers_ecumenical_altar_simple_redux, kennysheep_nub
D:3:      layout_rooms, serial_shops, shop
D:4:      layout_layer_cave, temple_statues, serial_shops,
          nicolae_shop_tiny_real_fake_doors, nrook_uturn, minmay_close_crescents
D:5:      layout_basic, mainiacjoe_overflow_alcove_2,
          nicolae_dithmenos_the_darkroom, nicolae_overflow_hidden_temple,
          gammafunk_ghost_mausoleum, serial_shops, nicolae_square_shop,
          dreamdust_gnoll_farm
D:6:      layout_basic, mainiacjoe_overflow_six_doors_small,
          nicolae_qazlal_eye_of_the_storm, minmay_misc_feat_more_columns
D:7:      layout_loops_ring, trog_book, marbit_many_paths, minmay_crystal_water,
          minmay_misc_feat_four_crosses, uniq_crazy_yiuf_cottage
D:8:      layout_cave_pools, special_room [special_room_kobold], uniq_maggie
D:9:      layout_basic, mainiacjoe_overflow_catwalk_spiral, david_orc_3,
          ebering_ghost_reflecting_pool, grunt_ministairs_15, uniq_pikel
D:10:     layout_rooms, mainiacjoe_overflow_surrounded_room,
          lemuel_crystal_altar, hellmonk_lair_entry_icy, serial_shops,
          nicolae_shop_rolled_up, enter_bailey_2, minivault_15,
          chequers_big_river, evilmike_butchery, uniq_snorg
D:11:     layout_stronghold, serial_shops, nicolae_take_the_stairs
D:12:     layout_basic
D:13:     layout_layer_cave, david_vaults_1, minivault_5, minivault_4,
          grunt_ministairs_15, uniq_lodul, uniq_maurice
Temple:   hellmonk_temple_beads
Lair:1:   layout_loops_ring, serial_bayou_shore_a, serial_bayou_shore_b,
          uniq_gastronok
Lair:2:   layout_regular_city, uniq_amaemon
Lair:3:   layout_cellular_growth, minmay_shoals_entry_hut,
          spider_nest_entry_web_field, infiniplex_staircase_pool_2
Lair:4:   layout_layer_cave, grunt_megastairs_2, lemuel_fruit_fields
Lair:5:   evil_forest, layout_regular_city, slime_entry_1,
          nicolae_quartered_pool_little
Orc:1:    layout_caves, minmay_orc_keep
Orc:2:    st_orc_mages, layout_caves, portal_ice_cave_entry_imps, abandoned_shop

Skill      XL: |  1  2  3  4  5  6  7  8  9 10 11 12 13 14 15 |
---------------+----------------------------------------------+-----
Fighting       | 3 4 5 7 8 10 | 10.0
Armour         | 2 4 6 8 10 | 10.9
Air Magic      | 1 2 3 |  3.8
Poison Magic   | 1 2 3 |  3.6
Spellcasting   | 2 3 6 |  6.9
Polearms       | 1 3 5 7 8 10 12 14 | 14.3
Dodging        | 4 6 |  6.4
Evocations     | 3 8 10 | 10.0
Transmutations | 1 2 |  2.9
Unarmed Combat | |  3.6
Conjurations   | |  0.6
Fire Magic     | |  1.0
Ice Magic      | |  0.7

Action                     |  1- 3 |  4- 6 |  7- 9 | 10-12 | 13-15 || total
---------------------------+-------+-------+-------+-------+-------++-------
  Melee: Club              |    79 |       |       |       |       ||    79
         Tailslap          |    20 |    12 |    21 |    74 |   156 ||   283
         Trident           |    51 |   107 |       |       |       ||   158
         Punch             |     2 |       |       |       |       ||     2
         Quarterstaff      |       |    28 |   132 |       |       ||   160
         Scythe            |       |       |    48 |   677 |  1044 ||  1769
   Cast: Foxfire           |     4 |       |       |       |       ||     4
         Poisonous Vapours |       |    11 |    88 |    57 |     1 ||   157
         Wereblood         |       |       |       |       |     6 ||     6
 Invoke: Potion Petition   |       |       |       |     3 |     7 ||    10
  Evoke: Wand              |       |       |       |     6 |       ||     6
         Phial of floods   |       |       |       |     1 |       ||     1
    Use: Scroll            |       |     4 |     5 |    16 |     6 ||    31
         Potion            |       |     2 |     1 |    11 |     4 ||    18
   Stab: Distracted        |       |     1 |       |     3 |     3 ||     7
         Invisible         |       |       |       |     1 |     9 ||    10
         Sleeping          |       |       |       |     4 |       ||     4
 Armour: Leather armour    |    59 |    32 |    60 |       |       ||   151
         Steam dragon scal |       |       |    10 |   277 |   294 ||   581
         Fire dragon scale |       |       |       |    27 |       ||    27
  Dodge: Dodged            |   118 |   116 |    90 |   376 |   643 ||  1343

Table legend: (Time is in decaauts)
 A = Elapsed time spent in this place.
 B = Non-inter-level travel time spent in this place.
 C = Inter-level travel time spent in this place.
 D = Time resting spent in this place.
 E = Time spent auto-exploring this place.
 F = Levels seen in this place.
 G = Mean time per level.
                   A        B        C        D        E       F      G
               +--------+--------+--------+--------+--------+-----+--------+
         Total |  35429 |  34213 |   1216 |  11367 |  16718 |  23 | 1540.4 |
       Dungeon |  19354 |  18564 |    790 |   5190 |  10226 |  13 | 1488.8 |
        Temple |    159 |     96 |     63 |      0 |     85 |   1 |  159.0 |
          Lair |   9841 |   9604 |    237 |   3191 |   5173 |   5 | 1968.2 |
  Orcish Mines |   3486 |   3361 |    125 |   1532 |   1023 |   2 | 1743.0 |
        Bailey |    762 |    762 |      0 |    203 |    120 |   1 |  762.0 |
      Ice Cave |   1823 |   1823 |      0 |   1250 |     90 |   1 | 1823.0 |
               +--------+--------+--------+--------+--------+-----+--------+

Top non-repeatable levels by time:
     D:9: 3237 daAuts
  Lair:5: 2817 daAuts
     D:7: 2401 daAuts
     D:6: 2110 daAuts
  Lair:4: 2064 daAuts
    D:11: 2006 daAuts
   Orc:1: 1945 daAuts
   IceCv: 1823 daAuts
  Lair:3: 1741 daAuts
    D:10: 1616 daAuts
  Lair:1: 1612 daAuts
  Lair:2: 1606 daAuts
     D:5: 1581 daAuts
   Orc:2: 1541 daAuts
     D:8: 1353 daAuts
